 Dungeon Crawl Stone Soup version 0.19.0 (webtiles) character file.

12770 KarmaPolice the Slinger (level 12, 0/126 HPs)
             Began as a Halfling Hunter on Nov 1, 2016.
             Was an Elder of Okawaru.
             Slain by a shadow (10 damage)
             ... on level 11 of the Dungeon.
             The game lasted 01:15:04 (14593 turns).

KarmaPolice the Slinger (Halfling Hunter)          Turns: 14593, Time: 01:15:05

Health: 0/126      AC: 26    Str: 14    XL:     12   Next: 24%
Magic:  16/16      EV:  3    Int: 14    God:    Okawaru [****..]
Gold:   753        SH:  0    Dex: 24    Spells: 1 memorised, 9 levels left

rFire  . . .     SeeInvis .     R - +2 hunting sling (freeze)
rCold  + . .     Gourm    +     (armour currently unavailable)
rNeg   + + +     Faith    .     (shield restricted)
rPois  +         Spirit   .     (helmet currently unavailable)
rElec  .         Reflect  .     (cloak currently unavailable)
rCorr  .         Harm     .     (gloves currently unavailable)
MR     .....     NoTele   +     (boots currently unavailable)
Stlth  +++++.....               P - amulet of the gourmand
                                W - ring of protection from cold
                                c - ring of positive energy

@: brilliant, agile, tree-form, heroism, very slightly contaminated, hasted,
very quick
A: mutation resistance 1
a: Heroism, Renounce Religion


You were on level 11 of the Dungeon.
You worshipped Okawaru.
Okawaru was greatly pleased with you.
You were very full.
You were a tree.
You visited 2 branches of the dungeon, and saw 13 of its levels.

You collected 753 gold pieces.

Inventory:

Hand Weapons
 d - a +3 scimitar of flaming
 M - a +2 scimitar of holy wrath
 R - a +2 hunting sling of freezing (weapon)
Missiles
 i - 286 stones (quivered)
 X - 70 sling bullets
Armour
 v - a +0 helmet (melded)
 C - a +0 pair of gloves (melded)
 N - a +0 cloak (melded)
 Q - the +3 ring mail of Zesus (melded) {-Tele rC++ Regen+ Str+9}
   (You found it on level 7 of the Dungeon)

   It affects your strength (+9).
   It greatly protects you from cold.
   It prevents most forms of teleportation.
   It increases your rate of regeneration.
 Z - a +0 troll leather armour {Snorg}
Jewellery
 c - a ring of positive energy (left branch)
 P - an amulet of the gourmand (around neck)
 W - a ring of protection from cold (right branch)
Wands
 D - a wand of digging (8/24)
 E - a wand of confusion (27/48)
 F - a wand of confusion (29/48)
 H - a wand of teleportation (6/9)
 S - a wand of disintegration (2/24)
Scrolls
 h - 3 scrolls of enchant weapon
 k - a scroll of random uselessness {unknown}
 m - 3 scrolls of amnesia
 n - 3 scrolls of blinking
 o - 5 scrolls of recharging
 p - 7 scrolls of teleportation
 q - 2 scrolls of remove curse
 y - 6 scrolls of enchant armour
 z - 2 scrolls of noise {unknown}
 B - 4 scrolls of immolation {unknown}
 G - a scroll of fear {unknown}
 I - 3 scrolls of magic mapping {unknown}
 V - a scroll of brand weapon {unknown}
 Y - a scroll of holy word {unknown}
Potions
 e - 3 potions of might
 j - 5 potions of flight
 r - 3 potions of magic
 s - 2 potions of lignification
 w - 2 potions of mutation
 x - 2 potions of cure mutation
 A - 3 potions of brilliance
 L - 2 potions of ambrosia
Books
 T - a book of Changes

   Spells                             Type                      Level
   a - Beastly Appendage              Transmutation                1
   b - Sticks to Snakes               Transmutation                2
   c - Spider Form                    Transmutation/Poison         3
   d - Ice Form                       Ice/Transmutation            4
   e - Blade Hands                    Transmutation                5
 U - a book of Air

   Spells                             Type                      Level
   a - Shock                          Conjuration/Air              1
   b - Swiftness                      Charms/Air                   2
   c - Repel Missiles                 Charms/Air                   2
   d - Static Discharge               Conjuration/Air              3
   e - Lightning Bolt                 Conjuration/Air              5
Comestibles
 b - 8 meat rations
 f - 12 bread rations
 l - 2 royal jellies
 u - 10 slices of pizza
 O - 3 beef jerkies


   Skills:
 + Level 8.7(13.7) Fighting
   Level 6.3(13.8) Short Blades
 + Level 7.9(13.6) Long Blades
 + Level 10.9(15.9) Slings
 - Level 7.1(12.1) Armour
 + Level 6.9(11.9) Dodging
 - Level 1.1(6.1) Stealth
 + Level 4.4 Invocations
 - Level 6.1 Evocations


You had 9 spell levels left.
You knew the following spells:

 Your Spells              Type           Power        Failure   Level  Hunger
a - Passwall              Tmut/Erth      #.........   5%          2    ###....


Dungeon Overview and Level Annotations

Branches:
Dungeon (12/15)            Temple (1/1) D:7            Lair (0/6) D:10
    Orc: D:9-12

Altars:
Ashenzari
Cheibriados
Dithmenos
Elyvilon
Fedhas
Gozag
Hepliaklqana
Kikubaaqudgha
Makhleb
Nemelex Xobeh
Okawaru
Qazlal
Ru
Sif Muna
Trog
Uskayaw
Vehumet
Xom
Yredelemnul
Zin
The Shining One

Annotations:
D:7 1 runed door, Joseph


Innate Abilities, Weirdness & Mutations

You are small and have problems with some larger weapons.
You are somewhat resistant to further mutation.


Message History

Evoke which item? (* to show all) (? for menu, Esc to quit)
Zapping:
E - a wand of confusion {zapped: 2} (will waste charges)
Press: ? - help, Shift-Dir - straight line, f - troll
Aim: a troll (chance to defeat MR: 59%) Nothing appears to happen.
Evoking this partially-identified wand wasted a few charges.
Your skill with magical items lets you calculate the power of this device...
This wand has 28 charges left.
The troll bites you but does no damage. The troll claws you but does no damage.
The troll claws you.
* * * LOW HITPOINT WARNING * * *
The yak gores you but does no damage.
Evoke which item? (* to show all) (? for menu, Esc to quit)
Zapping:
E - a wand of confusion (28/48)
Press: ? - help, Shift-Dir - straight line, f/p - troll
Aim: a troll (chance to defeat MR: 59%) Nothing appears to happen.
This wand has 27 charges left.
You feel less invigorated.
You feel less confused.
The shadow strikes at you from the darkness!
You die...

#..#.......#....#............#...
#..#....#..#....#............#...
#..#....####....#............#...
[..#....#.......#............#...
####....#.......#............#...
#.......#..#....#............#...
#..........###########..#########
#..........#...Y.................
#..........#...{♣................
#..........#...T#.......######..#
#.......####....#.......#....####
#..........#....#....####.......#
#..#....#..#.........#..........#
#..#....####.........#.......#))#
#..#....#.......#..#.##.##...#..#
#..#....#.......#..#.....#...#..#
#####..##..#....#..#.....#...#.[#


You could see a yak and a troll.

Vanquished Creatures
  Snorg (D:11)
  Erolcha (D:11)
  Erica (D:11)
  Nergalle (D:10)
  2 hill giants
  Pikel (D:10)
  A deep elf mage (D:10)
  A centaur skeleton (D:11)
  A gargoyle (D:11)
  Psyche (D:10)
  An efreet (D:10)
  A two-headed ogre (D:12)
  2 trolls
  3 hippogriffs
  4 wraiths (D:9)
  A shadow (D:10)
  A human (D:9)
  9 yaks
  2 water moccasins
  An orc warrior (D:6)
  3 ice beasts
  4 slaves
  A black bear (D:10)
  3 phantoms
  5 centaurs
  2 ogres (D:4)
  A necrophage (D:10)
  2 crocodiles (D:10)
  3 bullfrogs
  A wyvern zombie (D:11)
  3 scorpions
  6 wights
  2 howler monkeys
  2 jellies
  A crimson imp (D:8)
  A centaur zombie (D:7)
  2 bullfrog zombies
  2 quasits
  An orc priest (D:8)
  8 hounds
  A gnoll shaman (D:5)
  Crazy Yiuf (D:5)
  5 orc wizards
  A bullfrog skeleton (D:5)
  An iguana (D:9)
  Natasha (twice) (D:3)
  A hell rat (D:10)
  7 worker ants
  Terence (D:3)
  A howler monkey skeleton (D:3)
  A howler monkey zombie (D:5)
  5 gnolls
  13 adders
  2 river rats (D:10)
  5 shadow imps
  An ooze (D:2)
  An adder skeleton (D:6)
  A worm (D:6)
  3 dart slugs
  9 leopard geckos
  30 orcs
  2 ball pythons
  8 giant cockroaches
  8 goblins
  3 hobgoblins
  6 jackals
  6 quokkas
  2 bats (D:1)
  12 frilled lizards
  A giant cockroach zombie (D:6)
  A jackal skeleton (D:5)
  A jackal zombie (D:5)
  5 kobolds
  3 leopard gecko zombies
  A quokka zombie (D:5)
  18 rats
258 creatures vanquished.

Notes
Turn   | Place    | Note
-------+----------+-------------------------------------------
     0 | D:1      | KarmaPolice the Halfling Hunter began the quest for the Orb.
     0 | D:1      | Reached XP level 1. HP: 14/14 MP: 1/1
    96 | D:1      | Reached skill level 1 in Short Blades
   124 | D:1      | Reached XP level 2. HP: 19/19 MP: 2/2
   339 | D:1      | Reached skill level 6 in Slings
   339 | D:1      | Reached XP level 3. HP: 24/24 MP: 3/3
  1008 | D:2      | Reached XP level 4. HP: 28/30 MP: 4/4
  1486 | D:3      | Found a radiant altar of Vehumet.
  1581 | D:3      | Noticed Terence
  1601 | D:3      | Killed Terence
  1601 | D:3      | Reached XP level 5. HP: 15/35 MP: 5/5
  2040 | D:3      | Noticed Natasha
  2244 | D:3      | Killed Natasha
  2341 | D:3      | Found a hazy altar of Hepliaklqana.
  2357 | D:3      | Found a blossoming altar of Fedhas.
  2404 | D:3      | Noticed Natasha
  2413 | D:3      | Killed Natasha
  2420 | D:3      | Reached XP level 6. HP: 34/41 MP: 6/6
  2437 | D:3      | Found a burning altar of Makhleb.
  2523 | D:3      | Found a stormy altar of Qazlal.
  2737 | D:4      | Noticed an ogre
  2746 | D:4      | Noticed an ogre
  3253 | D:4      | Reached skill level 7 in Slings
  3411 | D:4      | Reached XP level 7. HP: 29/46 MP: 7/7
  3959 | D:4      | Reached skill level 5 in Dodging
  4039 | D:5      | Entered Level 5 of the Dungeon
  4071 | D:5      | Reached skill level 8 in Slings
  4453 | D:5      | Reached skill level 1 in Evocations
  4469 | D:5      | Reached XP level 8. HP: 54/54 MP: 8/8
  4777 | D:5      | Reached skill level 5 in Short Blades
  5343 | D:5      | Found a runed door.
  5561 | D:5      | Noticed Crazy Yiuf
  5567 | D:5      | Killed Crazy Yiuf
  5916 | D:6      | Reached skill level 9 in Slings
  6214 | D:6      | Reached XP level 9. HP: 51/59 MP: 11/11
  6493 | D:5      | Reached skill level 1 in Long Blades
  6688 | D:5      | Reached skill level 5 in Fighting
  7673 | D:7      | Found a staircase to the Ecumenical Temple.
  7677 | Temple   | Entered the Ecumenical Temple
  7878 | Temple   | Became a worshipper of Warmaster Okawaru
  7935 | D:7      | Found a hide-covered altar of Uskayaw.
  8104 | D:7      | Reached skill level 10 in Slings
  8138 | D:7      | Noticed Joseph
  8388 | D:7      | Found a runed door.
  8388 | D:7      | Found a glowing silver altar of Zin.
  8388 | D:7      | Noticed an angel
  8730 | D:7      | Got a jet-studded ring mail
  8902 | D:9      | Noticed a hippogriff
  9172 | D:8      | Identified the +3 ring mail of Zesus {-Tele rC++ Regen+ Str+9} (You found it on level 7 of the Dungeon)
  9371 | D:8      | Reached skill level 1 in Armour
  9595 | D:8      | Learned a level 2 spell: Passwall
  9847 | D:8      | Reached * piety under Okawaru
  9879 | D:9      | Noticed a hippogriff
  9894 | D:8      | Killed a hippogriff
  9894 | D:8      | Reached XP level 10. HP: 58/68 MP: 13/13
  9926 | D:9      | Reached skill level 1 in Invocations
 10552 | D:9      | Reached ** piety under Okawaru
 10743 | D:9      | Got a slimy hand axe
 11047 | D:9      | Identified the cursed +1 hand axe "Fups" {chop, -Tele Str+4 Int+4 Dex+4} (You found it on level 9 of the Dungeon)
 11135 | D:9      | Reached skill level 5 in Long Blades
 11492 | D:8      | Reached *** piety under Okawaru
 11620 | D:10     | Entered Level 10 of the Dungeon
 11662 | D:10     | Noticed Psyche
 11735 | D:10     | Found a staircase to the Lair.
 11888 | D:10     | Reached skill level 5 in Armour
 12074 | D:10     | Received a gift from Okawaru
 12075 | D:10     | Noticed Nergalle
 12171 | D:10     | Reached XP level 11. HP: 46/74 MP: 14/14
 12337 | D:10     | Noticed a deep elf mage
 12365 | D:10     | Killed a deep elf mage
 12430 | D:10     | Noticed Pikel
 12450 | D:10     | Killed Pikel
 12450 | D:10     | Reached skill level 5 in Evocations
 12638 | D:10     | Killed Psyche
 12651 | D:10     | Killed Nergalle
 12784 | D:10     | Reached **** piety under Okawaru
 13070 | D:10     | Noticed a hill giant
 13086 | D:10     | Killed a hill giant
 13151 | D:11     | Noticed a hill giant
 13227 | D:11     | Noticed Snorg
 13276 | D:11     | Noticed Erolcha
 13342 | D:11     | Killed Snorg
 13453 | D:11     | Found a stormy altar of Qazlal.
 13680 | D:11     | Killed a hill giant
 13711 | D:11     | Noticed Erica
 13726 | D:11     | Killed Erica
 13947 | D:11     | Reached ***** piety under Okawaru
 13947 | D:11     | Reached XP level 12. HP: 73/83 MP: 16/16
 14116 | D:11     | Paralysed by Erolcha for 6 turns
 14123 | D:11     | Killed Erolcha
 14123 | D:11     | Received a gift from Okawaru
 14589 | D:11     | HP: 3/126 [troll (5)]
 14593 | D:11     | Slain by a shadow

Skill      XL: |  1  2  3  4  5  6  7  8  9 10 11 |
---------------+----------------------------------+-----
Fighting       | 2 3 4 6 7 8 |  8.7
Short Blades   | 1 2 3 4 6 |  6.3
Slings         | 6 7 8 9 10 | 10.9
Dodging        | 3 4 5 6 |  6.9
Evocations     | 1 3 4 6 |  6.1
Long Blades    | 3 5 7 |  7.9
Armour         | 2 5 7 |  7.1
Invocations    | 4 |  4.4
Stealth        | |  1.1

Action                   |  1- 3 |  4- 6 |  7- 9 | 10-12 || total
-------------------------+-------+-------+-------+-------++-------
Melee: Short sword       |    74 |   166 |   322 |   384 ||   946
       Scimitar          |       |       |       |    60 ||    60
       Punch             |       |       |       |     2 ||     2
 Fire: Hunting sling     |    13 |    52 |   387 |   271 ||   723
Invok: Heroism           |       |       |       |    10 ||    10
       Finesse           |       |       |       |     1 ||     1
Evoke: Wand              |       |       |       |     9 ||     9
  Use: Potion            |       |     1 |       |    12 ||    13
       Scroll            |       |     3 |     7 |     5 ||    15
 Stab: Sleeping          |       |     2 |       |       ||     2
  Eat: Chunk             |       |     8 |    26 |    13 ||    47
       Fruit             |       |       |     3 |       ||     3
       Pizza             |       |       |     1 |       ||     1
Armor: Leather armour    |    17 |    21 |    48 |       ||    86
       Ring mail         |       |       |    30 |    83 ||   113
       Skin              |       |       |       |    35 ||    35
Dodge: Dodged            |    43 |    90 |   293 |   260 ||   686
       Rpst.: Scimitar   |       |       |       |    14 ||    14
